 Dungeon Crawl Stone Soup version 0.21-a0-2-ge494091 (webtiles) character file.

114787 Kidiri the Eclecticist (level 16, -6/92 HPs)
             Began as a Deep Elf Fire Elementalist on May 22, 2017.
             Was a High Priest of Vehumet.
             Mangled by the 27-headed Lernaean hydra (11 damage)
             ... on level 3 of the Swamp.
             The game lasted 01:52:04 (30907 turns).

Kidiri the Eclecticist (DEFE)                      Turns: 30907, Time: 01:52:05

Health: -6/92      AC: 21    Str:  7    XL:     16   Next: 17%
Magic:  16/38      EV: 15    Int: 38    God:    Vehumet [*****.]
Gold:   1048       SH: 11    Dex: 15    Spells: 8/47 levels left

rFire    + . .     SeeInvis .   h - +6 short sword (pierce)
rCold    x . .     Gourm    .   u - +3 buckler
rNeg     + . .     Faith    .   I - +4 ring mail of Nyevohi {+Blink rN+ Int+4 Stlth-}
rPois    +         Spirit   .   o - +1 hat
rElec    .         Reflect  +   N - +2 cloak {rPois}
rCorr    .         Harm     .   k - +2 pair of gloves
MR       +....                  D - +2 pair of boots (curse)
Stlth    ..........             e - +3 amulet of reflection
Regen    0.3/turn               f - ring "Myschi" {Fire Str+2 Int+2}
MPRegen  0.3/turn               Q - +4 ring of intelligence

@: about to teleport, hasted, very quick
A: mutation resistance 2
a: Renounce Religion, Evoke Blink


You were on level 3 of the Swamp.
You worshipped Vehumet.
Vehumet was extremely pleased with you.
You were not hungry.

You visited 6 branches of the dungeon, and saw 24 of its levels.
You also visited: Ossuary.

You collected 2378 gold pieces.
You spent 1330 gold pieces at shops.

Inventory:

Hand Weapons
 h - a +6 short sword of piercing (weapon)
Armour
 d - a +0 shield of reflection
 k - a +2 pair of gloves (worn)
 o - a +1 hat (worn)
 u - a +3 buckler (worn)
 D - a cursed +2 pair of boots (worn)
 I - the +4 ring mail of Nyevohi (worn) {+Blink rN+ Int+4 Stlth-}
   (You found it on level 2 of the Orcish Mines)

   It affects your intelligence (+4).
   It protects you from negative energy.
   It lets you blink.
   It makes you less stealthy.
 N - a +2 cloak of poison resistance (worn)
Jewellery
 e - a +3 amulet of reflection (around neck)
 f - the ring "Myschi" (left hand) {Fire Str+2 Int+2}
   (You found it on level 1 of the Elven Halls)

   [ring of fire]

   It enhances your fire magic.
   It affects your strength (+2).
   It affects your intelligence (+2).
   It protects you from fire.
   It makes you vulnerable to cold.
 s - an uncursed ring of magical power
 B - an uncursed ring of see invisible
 H - an uncursed ring of protection from cold
 Q - a +4 ring of intelligence (right hand)
Wands
 b - a wand of polymorph (15/24)
 p - a wand of digging (24/24)
 r - a wand of confusion (22/48)
 w - a wand of flame (18/48)
 y - a wand of polymorph (5/24)
 A - a wand of iceblast (9/15)
 K - a wand of acid (6/15)
 L - a wand of random effects (14/48)
 O - a wand of lightning (8/15)
 R - a wand of scattershot (3/9)
 S - a wand of polymorph (13/24)
 T - a wand of flame (16/48)
Scrolls
 i - 18 scrolls of remove curse
 q - 9 scrolls of teleportation
 x - 2 scrolls of immolation
 E - 8 scrolls of recharging
 M - 6 scrolls of magic mapping
 P - 2 scrolls of amnesia
Potions
 a - a potion of haste
 g - 5 potions of lignification
 j - 4 potions of magic
 l - 5 potions of curing
 m - a potion of flight
 n - 5 potions of brilliance
 t - 3 potions of might
 v - a potion of cancellation
 z - 2 potions of resistance
 F - 3 potions of heal wounds
 J - 2 potions of ambrosia
Comestibles
 c - 10 bread rations
 C - 4 chunks of flesh
 G - 4 meat rations
 U - 3 royal jellies
 V - 3 fruits


   Skills:
 + Level 7.8 Fighting
 - Level 8.1 Short Blades
 + Level 7.4 Armour
 + Level 10.0 Dodging
 - Level 2.4 Stealth
 + Level 4.9 Shields
 * Level 16.1 Spellcasting
 + Level 10.5 Conjurations
 + Level 11.1 Fire Magic
 + Level 4.5 Ice Magic
 + Level 8.5 Air Magic
 + Level 7.5 Earth Magic
 + Level 8.5 Poison Magic
 + Level 4.8 Evocations


You had 8 spell levels left.
You knew the following spells:

 Your Spells              Type           Power        Failure   Level  Hunger
a - Flame Tongue          Conj/Fire      #####        1%          1    None
b - Throw Flame           Conj/Fire      ######       1%          2    None
c - Conjure Flame         Conj/Fire      ########     1%          3    None
d - Inner Flame           Hex/Fire       #######.     1%          3    None
e - Sticky Flame          Conj/Fire      ########     1%          4    None
f - Fireball              Conj/Fire      ########..   1%          5    None
g - Airstrike             Air            #######...   1%          4    None
h - Bolt of Magma         Conj/Fire/Erth ########..   1%          5    None
i - Ignite Poison         Fire/Tmut/Pois #######.     1%          3    None
j - Stone Arrow           Conj/Erth      ######       1%          3    None
k - Freezing Cloud        Conj/Ice/Air   ######....   5%          6    None


Dungeon Overview and Level Annotations

Branches:
Dungeon (10/15)            Temple (1/1) D:4            Lair (6/6) D:10
  Swamp (4/4) Lair:2       Spider (0/4) Lair:3        Slime (0/5) Lair:6
    Orc (2/2) D:9             Elf (1/3) Orc:2

Altars:
Ashenzari
Cheibriados
Dithmenos
Elyvilon
Fedhas
Gozag
Hepliaklqana
Kikubaaqudgha
Makhleb
Nemelex Xobeh
Okawaru
Qazlal
Ru
Sif Muna
Trog
Uskayaw
Vehumet
Wu Jian
Xom
Yredelemnul
Zin
The Shining One
Beogh

Shops:
D:9 *   D:10 *   Orc:1 (*=*   Orc:2 (%(=

Annotations:
Lair:3 Snorg
Lair:6 exclusion: 3 oklob plants
Swamp:3 Lernaean hydra


Innate Abilities, Weirdness & Mutations

You are somewhat resistant to both further mutation and mutation removal.


Message History

The 27-headed Lernaean hydra bites you but does no damage.
The 27-headed Lernaean hydra bites you.
* * * LOW HITPOINT WARNING * * *
The 27-headed Lernaean hydra bites you but does no damage.
You feel yourself speed up.
You block the 27-headed Lernaean hydra's attack.
The 27-headed Lernaean hydra closely misses you.
The 27-headed Lernaean hydra bites you but does no damage.
You block the 27-headed Lernaean hydra's attack.
The 27-headed Lernaean hydra barely misses you.
The 27-headed Lernaean hydra bites you!
* * * LOW HITPOINT WARNING * * *
The 27-headed Lernaean hydra bites you but does no damage.
The 27-headed Lernaean hydra bites you!
* * * LOW HITPOINT WARNING * * *
The 27-headed Lernaean hydra bites you but does no damage. x5
You block the 27-headed Lernaean hydra's attack.
The 27-headed Lernaean hydra bites you but does no damage. x2
The 27-headed Lernaean hydra bites you!
You die...

♣ ♣♣♣♣♣♣♣ ♣♣♣♣ ♣♣♣♣ ♣♣♣♣.≈≈.≈♣
♣♣..♣♣♣ ♣♣♣..♣♣ .≈..≈≈≈..♣♣♣
♣♣.....♣♣♣....≈♣♣♣
≈.....≈≈...♣♣♣♣≈..♣♣..♣..♣♣...≈♣♣
.......≈..≈♣♣.[♣.♣♣♣♣.(.♣♣♣♣....♣
.≈≈≈≈.≈≈.♣..≈.≈..≈♣♣..♣..♣♣.)≈≈.♣
.≈≈≈≈≈≈≈...≈♣.....♣.......♣..≈≈≈♣
≈≈≈≈..≈..≈♣♣♣....D♣♣..≈..♣♣.≈♣♣♣≈
.≈≈≈..≈.≈....≈≈≈@..♣.≈≈≈.♣...♣♣♣≈
.....≈≈..≈≈≈≈≈≈<≈≈♣♣..≈..♣♣≈..♣♣♣
.....≈≈...≈≈....≈≈♣..._...♣§≈≈.♣♣
.........≈≈≈...≈.≈♣♣..♣..♣♣..≈.♣♣
..≈≈≈...≈≈≈≈≈..♣.≈≈♣♣...♣♣...♣♣♣
.≈≈≈≈≈≈.≈≈≈≈.≈♣♣.≈≈≈♣♣♣♣♣≈≈≈≈≈.♣♣
≈§≈≈≈≈≈.♣♣♣♣♣♣♣♣≈.≈≈≈≈≈...≈≈≈≈≈.♣
§≈≈...≈♣♣ ♣..≈≈..).♣♣♣≈≈≈.≈♣
≈§≈§♣♣♣♣ ♣..≈.♣♣♣≈♣...≈.♣♣♣


You could see the 27-headed Lernaean hydra.

Vanquished Creatures
  2 thorn hunters
  Roxanne (Swamp:1)
  Donald (Lair:2)
  An orc warlord (Orc:2)
  Aizul (Swamp:1)
  2 dire elephants (Lair:4)
  A deep elf death mage (Elf:1)
  Erolcha (D:9)
  A great orb of eyes (D:10)
  18 hydras
  A catoblepas (Lair:5)
  3 two-headed ogres
  5 alligators
  A dancing weapon (Elf:1)
  4 death yaks
  4 orc high priests (Orc:2)
  Urug (Lair:3)
  Sonja (Lair:3)
  4 deep elf knights (Elf:1)
  The ghost of ximxim the Protected, a novice MiCj of Ashenzari (D:8)
  A spriggan druid (Swamp:4)
  A shambling mangrove (Swamp:3)
  13 swamp dragons
  3 deep elf archers (Elf:1)
  4 orc knights (Orc:2)
  3 necromancers
  14 deep elf magi (Elf:1)
  An oklob plant (Lair:1)
  6 orc sorcerers (Orc:2)
  6 large abominations (Elf:1)
  2 centaur zombies
  10 black mambas
  A gargoyle (D:10)
  9 spiny frogs
  4 komodo dragons
  3 rime drakes
  3 trolls
  5 polar bears
  7 tyrant leeches
  Prince Ribbit (D:9)
  12 hornets
  22 slime creatures
  14 blink frogs
  12 bog bodies
  9 hippogriffs
  Sigmund (D:3)
  The ghost of Kenran the Skirmisher, an amateur MiWn (D:3)
  4 wyverns
  2 shadows
  A hungry ghost (D:9)
  10 spriggans
  18 yaks
  4 basilisks
  A steam dragon (Lair:6)
  3 vampire mosquitoes (Swamp:2)
  7 insubstantial wisps
  18 swamp worms
  4 wargs
  5 hell hounds (Lair:6)
  A soldier ant (shapeshifter) (D:7)
  10 water moccasins
  8 porcupines
  10 swamp drakes
  45 orc warriors
  An eye of draining (D:9)
  5 ice beasts
  2 sky beasts
  2 elephant zombies (Lair:5)
  11 wolves
  2 necrophages
  5 black bears
  2 phantoms (D:6)
  21 ogres
  6 centaurs
  8 crocodiles
  A big kobold (D:7)
  13 bullfrogs
  2 elf zombies (Elf:1)
  2 earth elementals (Elf:1)
  2 elf skeletons (D:6)
  5 scorpions
  14 killer bees
  3 howler monkeys (D:9)
  5 wights (D:9)
  7 electric eels
  11 crimson imps
  A bullfrog zombie (D:5)
  A basilisk zombie (Lair:5)
  A human zombie (D:6)
  3 hounds
  14 orc wizards
  4 bullfrog skeletons
  3 centaur skeletons
  4 jellies
  25 orc priests
  A human skeleton (D:6)
  4 iguanas
  3 worker ants
  A crocodile zombie (Lair:5)
  2 hound skeletons
  8 mummies (Ossuary)
  A worker ant zombie (D:7)
  A howler monkey skeleton (D:6)
  14 adders
  A shadow imp (D:10)
  An ooze (D:3)
  2 adder skeletons
  A worm (D:3)
  2 dart slugs
  7 leopard geckos
  100 orcs
  A ball python (D:3)
  8 bats
  A giant cockroach (D:3)
  2 gnoll zombies (Ossuary)
  5 goblins
  3 hobgoblins
  20 jackals
  4 quokkas
  2 frilled lizards
  A giant cockroach zombie (D:6)
  4 hobgoblin zombies (Ossuary)
  13 kobolds
  2 orc skeletons (D:6)
  2 orc zombies (Ossuary)
  4 rats
  A fungus (Lair:4)
  2 plants (Lair:1)
783 creatures vanquished.

Vanquished Creatures (collateral kills)
  A killer bee zombie (D:9)
  A leopard gecko (D:9)
2 creatures vanquished.

Vanquished Creatures (others)
  An orc warrior (Orc:2)
  An orc (Orc:2)
  19 fungi
  6 plants
  5 toadstools (Lair:4)
32 creatures vanquished.

Grand Total: 817 creatures vanquished

Notes
Turn   | Place    | Note
-------+----------+-------------------------------------------
     0 | D:1      | Kidiri the Deep Elf Fire Elementalist began the quest for the Orb.
     0 | D:1      | Reached XP level 1. HP: 10/10 MP: 6/6
   120 | D:1      | Reached XP level 2. HP: 12/15 MP: 6/8
   369 | D:1      | Learned a level 2 spell: Throw Flame
   971 | D:2      | Reached skill level 4 in Spellcasting
   971 | D:2      | Reached XP level 3. HP: 15/19 MP: 2/10
   984 | D:2      | Learned a level 3 spell: Conjure Flame
   988 | D:2      | Learned a level 3 spell: Inner Flame
  1286 | D:2      | Found an opulent altar of Gozag.
  1540 | D:2      | Found a hide-covered altar of Uskayaw.
  1581 | D:2      | Reached XP level 4. HP: 24/24 MP: 6/12
  1769 | D:3      | Noticed Sigmund
  1919 | D:3      | Noticed Kenran's ghost (amateur MiWn)
  1928 | D:3      | Killed Kenran's ghost
  1928 | D:3      | Reached skill level 6 in Spellcasting
  1928 | D:3      | Reached XP level 5. HP: 24/28 MP: 4/15
  2013 | D:3      | Learned a level 4 spell: Sticky Flame
  2669 | D:3      | Found a snail-covered altar of Cheibriados.
  2670 | D:3      | Found an iron altar of Okawaru.
  2806 | D:3      | Reached XP level 6. HP: 32/32 MP: 12/17
  2813 | D:3      | Learned a level 5 spell: Fireball
  2986 | D:3      | Killed Sigmund
  2986 | D:3      | Reached skill level 7 in Spellcasting
  2986 | D:3      | Reached skill level 5 in Fire Magic
  3372 | D:4      | Reached XP level 7. HP: 30/36 MP: 15/20
  3410 | D:4      | Found a staircase to the Ecumenical Temple.
  3417 | Temple   | Entered the Ecumenical Temple
  3537 | Temple   | Became a worshipper of Vehumet
  4075 | D:4      | Found a stormy altar of Qazlal.
  4081 | D:4      | Found a blossoming altar of Fedhas.
  4096 | D:4      | Noticed a hippogriff
  4102 | D:4      | Killed a hippogriff
  4102 | D:4      | Reached skill level 1 in Short Blades
  4102 | D:4      | Reached skill level 1 in Armour
  4102 | D:4      | Reached skill level 8 in Spellcasting
  4416 | D:5      | Entered Level 5 of the Dungeon
  4436 | D:5      | Learned a level 1 spell: Magic Dart
  4861 | D:5      | Reached XP level 8. HP: 42/42 MP: 22/22
  4936 | D:5      | Reached skill level 1 in Fighting
  5512 | D:6      | Reached * piety under Vehumet
  5512 | D:6      | Offered knowledge of Freeze by Vehumet.
  5512 | D:6      | Reached skill level 9 in Spellcasting
  5998 | D:6      | Found a sand-covered staircase.
  6019 | Ossuary  | Entered an ossuary
  6095 | Ossuary  | Reached skill level 5 in Conjurations
  6494 | D:6      | Offered knowledge of Shock by Vehumet.
  6508 | D:6      | Reached ** piety under Vehumet
  6612 | D:6      | Learned a level 1 spell: Shock
  6712 | D:6      | Reached XP level 9. HP: 14/48 MP: 23/24
  7294 | D:6      | Reached skill level 10 in Spellcasting
  7294 | D:6      | Reached skill level 1 in Air Magic
  7655 | D:7      | Noticed a polar bear
  7655 | D:7      | Found a shattered altar of Ashenzari.
  7655 | D:7      | Found a white marble altar of Elyvilon.
  7658 | D:7      | a polar bear changed into a soldier ant
  7664 | D:7      | Reached skill level 5 in Dodging
  7675 | D:7      | Gained mutation: You are clumsy. (Dex -2) [mutagenic meat]
  7676 | D:7      | Gained mutation: Your body sometimes deteriorates upon taking damage. [mutagenic meat]
  7677 | D:7      | Gained mutation: Your body often deteriorates upon taking damage. [mutagenic meat]
  7712 | D:7      | Learned a level 3 spell: Ignite Poison
  8081 | D:7      | Reached skill level 1 in Poison Magic
  8146 | D:7      | Found a deep blue altar of Sif Muna.
  8767 | D:8      | Reached XP level 10. HP: 56/56 MP: 26/26
  8819 | D:8      | Reached skill level 11 in Spellcasting
  9072 | D:8      | Noticed ximxim's ghost (novice MiCj)
  9092 | D:8      | Killed ximxim's ghost
  9281 | D:8      | Found a bloodstained altar of Trog.
  9695 | D:9      | Noticed Prince Ribbit
  9703 | D:9      | Killed Prince Ribbit
  9810 | D:9      | Noticed Erolcha
  9820 | D:9      | Killed Erolcha
  9983 | D:9      | Offered knowledge of Stone Arrow by Vehumet.
  9988 | D:9      | Learned a level 3 spell: Stone Arrow
 10065 | D:9      | Gained mutation: You tend to lose your temper in combat. [mutagenic meat]
 10066 | D:9      | Gained mutation: You expend magic power (3 MP) to strengthen your wands. [mutagenic meat]
 10288 | D:9      | Paralysed by a hornet for 2 turns
 10354 | D:9      | Reached *** piety under Vehumet
 10670 | D:9      | Reached skill level 1 in Earth Magic
 10672 | D:9      | Reached XP level 11. HP: 61/61 MP: 25/28
 10728 | D:9      | Found a staircase to the Orcish Mines.
 10885 | D:9      | Found Ovetuvefa's General Store.
 10893 | D:9      | Bought a scroll of identify for 22 gold pieces
 10893 | D:9      | Bought a scroll of teleportation for 33 gold pieces
 10893 | D:9      | Bought a scroll of magic mapping for 38 gold pieces
 10893 | D:9      | Bought a +1 cloak of poison resistance for 148 gold pieces
 10894 | D:9      | Lost mutation: Your body often deteriorates upon taking damage. [potion of mutation]
 10894 | D:9      | Lost mutation: You are clumsy. (Dex -2) [potion of mutation]
 10894 | D:9      | Gained mutation: You are somewhat resistant to further mutation. [potion of mutation]
 11034 | D:9      | Reached skill level 12 in Spellcasting
 11247 | D:10     | Entered Level 10 of the Dungeon
 11284 | D:10     | Offered knowledge of Airstrike by Vehumet.
 11321 | D:10     | Found a staircase to the Lair.
 11324 | D:10     | Noticed a two-headed ogre
 11490 | D:10     | Reached skill level 5 in Short Blades
 11542 | D:10     | Killed a two-headed ogre
 11625 | D:10     | Learned a level 4 spell: Airstrike
 11656 | D:10     | Reached **** piety under Vehumet
 12000 | D:10     | Found Conin's Assorted Antiques.
 12007 | D:10     | Bought a scroll of blinking for 225 gold pieces
 12007 | D:10     | Bought a fizzy coppery potion for 27 gold pieces
 12007 | D:10     | Bought a potion of curing for 90 gold pieces
 12007 | D:10     | Bought a bubbling golden potion for 27 gold pieces
 12199 | D:10     | Noticed a great orb of eyes
 12204 | D:10     | Paralysed by a great orb of eyes for 4 turns
 12209 | D:10     | Killed a great orb of eyes
 12606 | Lair:1   | Entered Level 1 of the Lair of Beasts
 12613 | Lair:1   | Offered knowledge of Lightning Bolt by Vehumet.
 12620 | Lair:1   | Learned a level 5 spell: Lightning Bolt
 12963 | Lair:1   | Noticed an oklob plant
 12988 | Lair:1   | Reached skill level 5 in Fighting
 13754 | Lair:1   | Killed an oklob plant
 13754 | Lair:1   | Reached skill level 5 in Armour
 13754 | Lair:1   | Reached XP level 12. HP: 68/68 MP: 28/30
 14146 | Lair:2   | Reached skill level 5 in Air Magic
 14236 | Lair:2   | Reached skill level 13 in Spellcasting
 14566 | Lair:2   | Reached skill level 5 in Poison Magic
 14653 | Lair:2   | Reached skill level 1 in Shields
 15298 | Lair:2   | Found a staircase to the Swamp.
 15705 | Lair:3   | Found a hole to the Spider Nest.
 15750 | Lair:3   | Noticed Sonja
 15756 | Lair:3   | Killed Sonja
 15759 | Lair:3   | Noticed Snorg
 16064 | Lair:3   | Noticed Urug
 16108 | Lair:3   | Reached ***** piety under Vehumet
 16197 | Lair:3   | Offered knowledge of Bolt of Magma by Vehumet.
 16734 | Lair:3   | Killed Urug
 16856 | Lair:3   | Learned a level 5 spell: Bolt of Magma
 17119 | Lair:4   | Reached XP level 13. HP: 74/74 MP: 30/32
 17715 | Lair:4   | Found a runed door.
 18208 | Lair:4   | Noticed a dire elephant
 18208 | Lair:4   | Noticed a dire elephant
 18245 | Lair:4   | Killed a dire elephant
 18463 | Lair:4   | Killed a dire elephant
 18463 | Lair:4   | Reached skill level 14 in Spellcasting
 19431 | Lair:5   | Reached skill level 5 in Earth Magic
 19740 | Lair:6   | Entered Level 6 of the Lair of Beasts
 20226 | Lair:6   | Found a staircase to the Slime Pits.
 20508 | Orc:1    | Entered Level 1 of the Orcish Mines
 20508 | Orc:1    | Found Iso Qala's General Store.
 20550 | Orc:1    | Bought a potion of mutation for 128 gold pieces
 20550 | Orc:1    | Bought a scroll of identify for 32 gold pieces
 20550 | Orc:1    | Bought a scroll of fear for 56 gold pieces
 20550 | Orc:1    | Bought a cursed +0 pair of boots for 24 gold pieces
 20556 | Orc:1    | Lost mutation: You expend magic power (3 MP) to strengthen your wands. [potion of mutation]
 20556 | Orc:1    | Lost mutation: Your body sometimes deteriorates upon taking damage. [potion of mutation]
 20556 | Orc:1    | Lost mutation: You are somewhat resistant to further mutation. [potion of mutation]
 20556 | Orc:1    | Gained mutation: You are partially covered in yellow scales. (AC +2) [potion of mutation]
 20556 | Orc:1    | Gained mutation: You are somewhat resistant to further mutation. [potion of mutation]
 20556 | Orc:1    | Gained mutation: You are somewhat resistant to both further mutation and mutation removal. [potion of mutation]
 20918 | Orc:1    | Found Obiproasi's Assorted Antiques.
 20929 | Orc:1    | Bought a potion of heal wounds for 160 gold pieces
 20929 | Orc:1    | Bought a runed hat for 224 gold pieces
 20929 | Orc:1    | Bought a scroll of teleportation for 96 gold pieces
 20937 | Orc:1    | Found a burning altar of Makhleb.
 20956 | Orc:1    | Found Cofud's Jewellery Shoppe.
 21123 | Orc:1    | Found Joozuperch's Antique Weapon Emporium.
 21203 | Orc:1    | Offered knowledge of Freezing Cloud by Vehumet.
 21213 | Orc:1    | Learned a level 6 spell: Freezing Cloud
 21292 | Orc:2    | Entered Level 2 of the Orcish Mines
 22081 | Orc:2    | Reached skill level 10 in Fire Magic
 22185 | Orc:2    | Reached XP level 14. HP: 80/80 MP: 11/34
 22230 | Orc:2    | Found a roughly hewn altar of Beogh.
 22246 | Orc:2    | Found Vacogiagh's Weapon Boutique.
 22257 | Orc:2    | Found Laceh's Jewellery Shop.
 22558 | Orc:2    | Offered knowledge of Bolt of Fire by Vehumet.
 22852 | Orc:2    | Found a staircase to the Elven Halls.
 22933 | Orc:2    | Got a transparent ring mail
 23076 | D:7      | Got a warped scale mail
 23088 | D:7      | Identified the +4 ring mail of Nyevohi {+Blink rN+ Int+4 Stlth-} (You found it on level 2 of the Orcish Mines)
 23526 | Orc:2    | Noticed an orc warlord
 23539 | Orc:2    | Killed an orc warlord
 23643 | Orc:2    | Paralysed by an orc sorcerer for 2 turns
 23697 | Orc:2    | Found a roughly hewn altar of Beogh.
 23699 | Orc:2    | Reached skill level 1 in Evocations
 23989 | Orc:2    | Found Puqesiot's Antique Weapon Shop.
 24062 | Orc:2    | Found Tiqutixa's Food Emporium.
 24220 | Elf:1    | Entered Level 1 of the Elven Halls
 24233 | Elf:1    | Reached skill level 1 in Ice Magic
 24248 | Elf:1    | Reached skill level 15 in Spellcasting
 24425 | Elf:1    | Got a faintly glowing iron ring
 24427 | Elf:1    | Identified the ring "Myschi" {Fire Str+2 Int+2} (You found it on level 1 of the Elven Halls)
 24432 | Elf:1    | Identified the Volume of Sinister Secrets
 24468 | Elf:1    | Offered knowledge of Lee's Rapid Deconstruction by Vehumet.
 25763 | Swamp:1  | Entered Level 1 of the Swamp
 25780 | Swamp:1  | Noticed Donald
 25942 | Lair:2   | Killed Donald
 25942 | Lair:2   | Reached XP level 15. HP: 63/86 MP: 25/36
 26066 | Swamp:1  | Noticed a thorn hunter
 26072 | Swamp:1  | Killed a thorn hunter
 26076 | Swamp:1  | Noticed Aizul
 26372 | Swamp:1  | Killed Aizul
 26979 | Swamp:1  | Noticed Roxanne
 27270 | Swamp:1  | Offered knowledge of Conjure Ball Lightning by Vehumet.
 27323 | Swamp:1  | Lost mutation: You tend to lose your temper in combat. [potion of mutation]
 27323 | Swamp:1  | Lost mutation: You are partially covered in yellow scales. (AC +2) [potion of mutation]
 27828 | Swamp:1  | Killed Roxanne
 29397 | Swamp:3  | Found a shattered altar of Ashenzari.
 29685 | Swamp:3  | Reached skill level 10 in Conjurations
 29960 | Swamp:4  | Entered Level 4 of the Swamp
 29960 | Swamp:4  | Noticed a thorn hunter
 29962 | Swamp:4  | Killed a thorn hunter
 30273 | Swamp:4  | Reached skill level 16 in Spellcasting
 30487 | Swamp:4  | Reached XP level 16. HP: 79/92 MP: 18/38
 30662 | Swamp:4  | Reached skill level 10 in Dodging
 30842 | Swamp:4  | Offered knowledge of Ozocubu's Refrigeration by Vehumet.
 30895 | Swamp:4  | Noticed the 27-headed Lernaean hydra
 30907 | Swamp:3  | Mangled by the 27-headed Lernaean hydra

Vault maps used:
D:1:      sevenhm_arrival_forest_fort_small_4
D:2:      nicolae_overflow_hidden_temple, nicolae_gozag_seed_capital,
          first_bread
D:3:      gammafunk_temple_overflow_statue, uniq_sigmund
D:4:      grunt_temple_overflow_forces_of_nature, minmay_temple_entry_fiery
D:6:      nicolae_ossuary_entry_catacombs
D:7:      gammafunk_temple_overflow_arena, lemuel_blue_sif_altar, the_bakery
D:8:      bloody_trog
D:9:      david_orc_1_choice, serial_shops, shop, uniq_prince_ribbit1,
          uniq_erolcha
D:10:     minmay_lair_entry_grove, serial_shops,
          nicolae_shop_temple_entry_statues_fountains, minmay_three_doors
Temple:   dshaligram_water_room_temple
Lair:1:   cheibrodos_lair_lostbears, infiniplex_staircase_pool_2,
          lemuel_fruit_fields, serial_bayou_shore_a, minmay_lair_oklob_chamber,
          lemuel_fruit_fields
Lair:2:   minmay_swamp_entry_worms, st_stairs_9
Lair:3:   dummy_spider_entry, uniq_sonja, uniq_urug, uniq_snorg
Lair:4:   gammafunk_lair_enchanted_lake, grunt_megastairs_3,
          serial_bayou_shore_b
Lair:5:   pond_and_an_island_with_a_cottage, infiniplex_staircase_pool
Lair:6:   cheibrodos_lair_end_hotspot, minmay_slime_entry_oklob_open
Swamp:1:  nicolae_swamp_round_clearing, uniq_donald, uniq_aizul, uniq_roxanne
Swamp:2:  evilmike_swamp_ruin_house_3
Swamp:3:  nicolae_swamp_godswood, swamp_pool4
Swamp:4:  grunt_swamp_rune_castle, swamp_pool1, statue_in_the_mist_lemuel,
          nicolae_swamp_spriggan_camp
Orc:1:    basic_altar, serial_shops, nicolae_shop_competitors_out_of_business,
          nicolae_shop_trees, shop, shop
Orc:2:    pubby_orc_utopia, serial_shops
Elf:1:    minmay_elf_necromancy, serial_sigils_hangedman_gut
Ossuary:  ossuary_tomb_3

Skill      XL: |  1  2  3  4  5  6  7  8  9 10 11 12 13 14 15 16 |
---------------+-------------------------------------------------+-----
Spellcasting   | 4 6 7 8 9 10 11 12 13 14 15 16 | 16.1
Conjurations   | 2 3 4 5 6 7 8 9 10 | 10.5
Fire Magic     | 4 5 6 7 8 9 10 11 | 11.1
Short Blades   | 1 2 4 5 6 7 8 |  8.1
Armour         | 1 2 3 4 5 6 7 |  7.4
Dodging        | 3 4 5 6 7 8 9 10 | 10.0
Fighting       | 2 3 4 5 6 7 |  7.8
Air Magic      | 2 3 4 5 6 7 8 |  8.5
Poison Magic   | 1 3 4 5 7 8 |  8.5
Earth Magic    | 1 2 4 5 6 7 |  7.5
Shields        | 2 3 4 |  4.9
Evocations     | 2 4 |  4.8
Ice Magic      | 2 4 |  4.5
Stealth        | |  2.4

Action                   |  1- 3 |  4- 6 |  7- 9 | 10-12 | 13-15 | 16-18 || total
-------------------------+-------+-------+-------+-------+-------+-------++-------
Melee: Short sword       |    10 |    35 |    69 |   145 |   268 |     4 ||   531
 Cast: Flame Tongue      |    49 |    44 |   166 |   167 |    98 |    17 ||   541
       Conjure Flame     |       |     1 |     8 |    19 |    12 |       ||    40
       Throw Flame       |       |     3 |    25 |    69 |    73 |    22 ||   192
       Sticky Flame      |       |     2 |    22 |    62 |    52 |     1 ||   139
       Magic Dart        |       |       |    45 |     9 |       |       ||    54
       Inner Flame       |       |       |     6 |    13 |     8 |       ||    27
       Fireball          |       |       |     6 |    21 |    29 |     6 ||    62
       Shock             |       |       |     4 |     4 |       |       ||     8
       Stone Arrow       |       |       |       |    95 |    37 |       ||   132
       Lightning Bolt    |       |       |       |    20 |     8 |       ||    28
       Bolt of Magma     |       |       |       |       |   336 |    16 ||   352
       Freezing Cloud    |       |       |       |       |     1 |       ||     1
       Airstrike         |       |       |       |       |     4 |       ||     4
Evoke: Wand              |       |       |       |       |     3 |       ||     3
  Use: Scroll            |     3 |     4 |    13 |    14 |    19 |     1 ||    54
       Potion            |       |       |     2 |     7 |     4 |     1 ||    14
 Stab: Sleeping          |     1 |     2 |     4 |     1 |     4 |       ||    12
       Distracted        |       |       |       |     1 |       |       ||     1
       Confused          |       |       |       |       |     1 |       ||     1
  Eat: Chunk             |     2 |     6 |    13 |    13 |    18 |       ||    52
       Royal jelly       |       |       |     4 |     5 |     3 |       ||    12
       Meat ration       |       |       |       |     2 |     1 |       ||     3
       Fruit             |       |       |       |     6 |    11 |       ||    17
       Bread ration      |       |       |       |       |     1 |       ||     1
Armor: Robe              |     6 |    15 |    18 |       |       |       ||    39
       Leather armour    |       |       |    15 |    65 |    23 |       ||   103
       Ring mail         |       |       |       |       |    52 |    37 ||    89
Dodge: Dodged            |    23 |    37 |    82 |   131 |   180 |    21 ||   474
Block: Other             |       |     6 |    11 |    17 |       |       ||    34
       Reflection        |       |       |       |     1 |    15 |       ||    16
       Buckler           |       |       |       |    36 |   204 |    12 ||   252
